 Dungeon Crawl Stone Soup version 0.24.0-1-gfbc8707 (webtiles) character file.

Game seed: 13131680350840367879, levelgen mode: deterministic

63 nailher the Grave Robber (level 3, -1/31 HPs)
             Began as a Deep Dwarf Necromancer on Nov 5, 2019.
             Slain by a gnoll
             ... wielding a +0 spear
              (3 damage)
             ... on level 3 of the Dungeon.
             The game lasted 00:10:32 (2468 turns).

nailher the Grave Robber (Deep Dwarf Necromancer)   Turns: 2468, Time: 00:10:32

Health: -1/31      AC:  3    Str: 11    XL:     3   Next: 87%
Magic:  1/5        EV: 12    Int: 16    God:
Gold:   134        SH:  4    Dex: 13    Spells: 1/5 levels left

rFire    . . .     SeeInvis .   e - +1 club
rCold    . . .     Gourm    .   h - +0 buckler
rNeg     . . .     Faith    .   a - +0 robe
rPois    .         Spirit   .   (no helmet)
rElec    .         Reflect  .   d - +0 cloak
rCorr    .         Harm     .   (no gloves)
MR       +....                  (no boots)
Stlth    ++........             (no amulet)
HPRegen  0.00/turn              (no ring)
MPRegen  0.09/turn              p - ring of protection from magic

@: very slightly contaminated, non-regenerating
A: damage resistance, heal wounds, sense surroundings 1, no regeneration
a: Heal Wounds


You were on level 3 of the Dungeon.
You were very hungry.

You visited 1 branch of the dungeon, and saw 3 of its levels.

You collected 134 gold pieces.

Inventory:

Hand Weapons
 e - a +1 club (weapon)
Armour
 a - a +0 robe (worn)
 d - a +0 cloak (worn)
 h - a +0 buckler (worn)
 l - a +2 plate armour of cold resistance
Jewellery
 b - an uncursed ring of stealth {unknown}
 m - a +5 ring of strength {unknown}
 p - a ring of protection from magic (right hand)
Scrolls
 g - 6 scrolls of teleportation
 k - a scroll of fog {unknown}
 o - a scroll of identify {unknown}
Potions
 f - a potion of lignification {unknown}
 i - 2 potions of degeneration {unknown}
 j - a potion of curing {unknown}
 n - a potion of heal wounds {unknown}
Comestibles
 c - 4 rations


   Skills:
 + Level 1.4 Fighting
 + Level 1.8 Armour
 - Level 2.1 Dodging
 - Level 2.4 Stealth
 * Level 1.2 Shields
 - Level 1.7 Spellcasting
 + Level 4.9 Necromancy


You had one spell level left.
You knew the following spells:

 Your Spells              Type           Power        Failure   Level  Hunger
a - Pain                  Necr           ###.         3%          1    ##.....
b - Vampiric Draining     Necr           ###.......   12%         3    ####...

Your spell library contained the following spells:

 Spells                   Type           Power        Failure   Level  Hunger
 Animate Skeleton         Necr           N/A          3%          1    ##.....
 Confusing Touch          Hex            #.....       30%         1    ##.....
 Animate Dead             Necr           N/A          36%         4    #####..
 Confuse                  Hex            #.......     65%         3    ####...
 Gell's Gravitas          Tloc           #.........   65%         3    ####...
 Petrify                  Tmut/Erth      #.......     96%         4    #####..
 Metabolic Englaciation   Hex/Ice        #.........   100%        5    ######.
 Yara's Violent Unravell  Hex/Tmut       #.........   100%        5    ######.
 Regeneration             Chrm/Necr      Unusable     N/A         3    N/A

Dungeon Overview and Level Annotations

Branches:
Dungeon (3/15)

Altars:
Gozag
Vehumet
The Shining One


Innate Abilities, Weirdness & Mutations

You are resistant to damage.
You can heal yourself by infusing magical energy.
You passively map a small area around you.
You do not regenerate.


Message History

Casting: Pain (safe; 3% risk of failure)
Confirm with . or Enter, or press ? or * to list all spells.
Aiming: Vampiric Draining (safe; 12% risk of failure)
Press: ? - help, Shift-Dir - straight line, f - gnoll
Aim: a gnoll, wielding a +0 spear The gnoll is severely wounded.
You feel life coursing into your body. The gnoll hits you with a +0 spear!
* * * LOW HITPOINT WARNING * * *
Casting: Vampiric Draining (safe; 12% risk of failure)
Confirm with . or Enter, or press ? or * to list all spells.
You don't have enough magic to cast that spell.
Casting: Vampiric Draining (safe; 12% risk of failure)
Confirm with . or Enter, or press ? or * to list all spells.
Aiming: Pain (safe; 3% risk of failure)
Press: ? - help, Shift-Dir - straight line, f/p - gnoll
Aim: a gnoll, wielding a +0 spear (severely wounded, chance to defeat MR: 82%)
You miscast Pain.
You are very lightly contaminated with residual magic.
You shiver with cold.
The gnoll hits you with a +0 spear.
You die...

, , *#####
* * ######
##.#.#
......
g#####.>..#
*#..
..g.......#
, *#. *
#g..#
...... * *
##.##
..##.. * *
*
#>#######.#
#.. ,,
#.g@......#
#. ,
###########
#. # * * *
, , , , *


You could see a gnoll.

Vanquished Creatures
  A gnoll (D:2)
  An adder (D:2)
  A dart slug (D:1)
  A leopard gecko (D:1)
  6 giant cockroaches
  7 hobgoblins
  2 ball pythons (D:1)
  5 bats
  8 frilled lizards
  4 goblins
  4 kobolds (D:1)
  2 rats
42 creatures vanquished.

Notes
Turn   | Place    | Note
-------+----------+-------------------------------------------
     0 | D:1      | nailher the Deep Dwarf Necromancer began the quest for the
                  | Orb.
     0 | D:1      | Reached XP level 1. HP: 15/15 MP: 3/3
   271 | D:1      | Reached XP level 2. HP: 24/24 MP: 2/4
   313 | D:1      | Reached skill level 1 in Armour
   592 | D:1      | Reached skill level 1 in Fighting
   922 | D:1      | Reached XP level 3. HP: 27/31 MP: 3/5
   998 | D:1      | Learned a level 3 spell: Vampiric Draining
  1601 | D:2      | Found a glowing golden altar of the Shining One.
  1857 | D:2      | Found a radiant altar of Vehumet.
  1946 | D:2      | Found an opulent altar of Gozag.
  1977 | D:2      | Reached skill level 1 in Shields
  2468 | D:3      | Slain by a gnoll

Levels and vault maps discovered:
D:1:      minmay_arrival_cross, layout_loops_ring, bh_walls_and_bars
D:2:      layout_loops_cross, grunt_gozag_statues, vehumet_crystals,
          old_standard_altar, minmay_misc_feat_diagonals,
          minmay_misc_feat_square
D:3:      layout_loops_ring, nicolae_qazlal_general_emergency,
          yredelemnul_forgotten_temple_becter,
          chequers_ecumenical_altar_simple_redux, first_ration,
          roderic_serpentine_path, uniq_ijyb

Skill      XL: |  1  2  3 |
---------------+----------+-----
Armour         | 1 |  1.8
Fighting       | 1 |  1.4
Shields        | 1 |  1.2
Dodging        | |  2.1
Stealth        | |  2.4
Spellcasting   | |  1.7
Necromancy     | |  4.9

Action                   || total
-------------------------++-------
Melee: Club              ||    13
 Cast: Pain              ||    76
       Vampiric Draining ||     6
  Use: Scroll            ||     3
  Eat: Chunk             ||     6
Armor: Robe              ||     3
Dodge: Dodged            ||    21
Block: Buckler           ||     5
